[Event "Titled Tuesday Blitz October 26 2021"]
[White "Sonis, Francesco"]
[Black "Baskin, Robert"]
[WhiteFideId "895733"]
[BlackFideId "24662402"]
[WhiteElo "2373"]
[BlackElo "2521"]
[Result "1-0"]
[Round "10"]
[TimeControl "180+1"]
[Date "2021.10.26"]
[WhiteClock "0:00:48"]
[BlackClock "0:00:05"]

1. d4 e6 2. c4 f5 3. g3 Nf6 4. Nf3 d5 5. Bg2 Bd6 6. O-O O-O 7. Nbd2 b6 8. b3 Bb7 9. Bb2 Nbd7 10. Ne5 Ne4 11. Ndf3 Qe7 12. Qc2 c5 13. Nxd7 Qxd7 14. cxd5 Bxd5 15. Rfd1 Qb7 16. dxc5 Bxc5 17. Bd4 Rac8 18. Qb2 Bxd4 19. Nxd4 Nc3 20. Bxd5 Qxd5 21. Rd3 Ne4 22. Rad1 Qe5 23. e3 Ng5 24. f4 Nh3+ 25. Kg2 Qe4+ 26. Nf3 Rf7 27. Rd8+ Rxd8 28. Rxd8+ Rf8 29. Rxf8+ Kxf8 30. Qd4 g5 31. Qxe4 fxe4 32. Ne5 gxf4 33. gxf4 1-0


[Site "https://www.chess.com"]

[Event "Titled Tuesday Blitz October 26 2021"]
[White "Sorokin, Aleksey"]
[Black "Bluebaum, Matthias"]
[WhiteFideId "24176460"]
[BlackFideId "24651516"]
[WhiteElo "2476"]
[BlackElo "2681"]
[Result "1-0"]
[Round "10"]
[TimeControl "180+1"]
[Date "2021.10.26"]
[WhiteClock "0:00:16"]
[BlackClock "0:00:23"]

1. e4 e6 2. d4 d5 3. Nc3 Nf6 4. e5 Nfd7 5. f4 c5 6. Nf3 Nc6 7. Be3 a6 8. a3 cxd4 9. Nxd4 Bc5 10. Qd2 O-O 11. Be2 Nxd4 12. Bxd4 b5 13. Bf3 Qb6 14. Ne2 a5 15. O-O Bb7 16. b4 Bxd4+ 17. Nxd4 axb4 18. axb4 Ra4 19. Be2 Rfa8 20. Rae1 Nb8 21. Bxb5 Ra2 22. f5 Nc6 23. Bxc6 Bxc6 24. f6 Rxc2 25. Qg5 Qxd4+ 26. Kh1 Rxg2 27. Kxg2 g6 28. Re2 Qxb4 29. Qh6 Qf8 30. Qxf8+ Kxf8 31. Rc1 Bb5 32. Rb2 Bd3 33. Rc3 Be4+ 34. Kf2 h5 35. Ke3 g5 36. Rc7 Kg8 37. Rbb7 Bg6 38. Ra7 Rb8 39. Rcb7 Rc8 40. Rc7 Rb8 41. Rab7 Ra8 42. Rc6 Ra3+ 43. Ke2 Bd3+ 44. Kd2 Bf5 45. Rc8+ Kh7 46. Rxf7+ Kh6 47. Rh8+ Bh7 48. Rfxh7+ Kg6 49. Rg7+ Kf5 50. f7 Ke4 51. f8=Q d4 52. Rxg5 Ra2+ 53. Kc1 Ra1+ 54. Kb2 Ra5 55. Rhxh5 Kd3 56. Rg3+ Kc4 57. Qc8+ Rc5 58. Qxc5+ Kxc5 59. Rd3 Kd5 60. Rh4 Kxe5 61. Rhxd4 Kf5 62. Kc3 e5 63. Rd5 Ke4 64. Rxe5+ Kf4 65. Rg3 Kxe5 66. Rg1 Kf4 67. h4 Kf3 68. h5 Ke3 69. Rg8 Ke2 70. h6 Kf3 71. h7 Kf4 72. h8=Q Kf5 73. Re8 Kg6 74. Qf8 Kh7 75. Qf2 Kg6 76. Re1 Kh5 77. Rg1 Kh6 78. Qh2# 1-0


[Site "https://www.chess.com"]

[Event "Titled Tuesday Blitz October 26 2021"]
[White "Svane, Rasmus"]
[Black "Demidov, Mikhail"]
[WhiteFideId "4657101"]
[BlackFideId "4197143"]
[WhiteElo "2643"]
[BlackElo "2527"]
[Result "1-0"]
[Round "10"]
[TimeControl "180+1"]
[Date "2021.10.26"]
[WhiteClock "0:00:21"]
[BlackClock "0:00:05"]

1. Nf3 d5 2. g3 c6 3. Bg2 Bg4 4. O-O Nd7 5. h3 Bh5 6. d4 e6 7. c4 Ngf6 8. cxd5 exd5 9. Ne5 Be7 10. f4 h6 11. g4 Bg6 12. Nxg6 fxg6 13. Qd3 Kf7 14. Nc3 Rf8 15. e4 dxe4 16. Nxe4 Kg8 17. Qb3+ Kh7 18. Qxb7 Nxe4 19. Bxe4 Nf6 20. Bxc6 Qxd4+ 21. Kh1 Bc5 22. Bg2 Rab8 23. Qf3 Rfe8 24. g5 hxg5 25. f5 Re5 26. fxg6+ Kxg6 27. Rd1 Qf2 28. Qxf2 Bxf2 29. Bf3 Be3 30. b3 Bxc1 31. Raxc1 Rbe8 32. Kg2 R8e7 33. Rd2 Kf7 34. Rc4 Kg6 35. Ra4 Rc7 36. Rc4 Rce7 37. b4 a5 38. bxa5 Rxa5 39. a4 Rea7 40. Ra2 Nd7 41. Rb4 Ne5 42. Be2 Nd7 43. Bb5 Nf6 44. Rab2 Kh6 45. Rd4 Rc7 46. Rd8 Rb7 47. Rh8+ Kg6 48. Bd3+ Kf7 49. Rxb7+ Ke6 50. Bb5 1-0


[Site "https://www.chess.com"]

[Event "Titled Tuesday Blitz October 26 2021"]
[White "Wagh Suyog"]
[Black "Kovalchuk, Alexey"]
[WhiteFideId "25071688"]
[BlackFideId "24154385"]
[WhiteElo "2219"]
[BlackElo "2287"]
[Result "0-1"]
[Round "10"]
[TimeControl "180+1"]
[Date "2021.10.26"]
[WhiteClock "0:00:01"]
[BlackClock "0:00:09"]

1. e4 e5 2. Nf3 Nf6 3. Nxe5 d6 4. Nf3 Nxe4 5. Qe2 Qe7 6. d3 Nf6 7. Nc3 c6 8. Be3 Na6 9. O-O-O Nc7 10. Qd2 Ne6 11. h3 d5 12. g4 Qb4 13. g5 Nd7 14. Re1 Be7 15. a3 Qa5 16. Nd4 O-O 17. f4 Bc5 18. Nb3 Bxe3 19. Qxe3 Qb6 20. f5 d4 21. Na4 dxe3 22. Nxb6 Nxb6 23. fxe6 Bxe6 24. Rxe3 Bxb3 25. cxb3 Nd5 26. Re4 f6 27. h4 f5 28. Re5 Rae8 29. Rxe8 Rxe8 30. Kd2 Nf4 31. Rh2 g6 32. Rf2 Ne6 33. Kc3 Kf7 34. d4 Rd8 35. Bc4 b5 36. Bxe6+ Kxe6 37. Re2+ Kd6 38. Kd3 c5 39. b4 cxd4 40. Kxd4 Rc8 41. b3 Rf8 42. a4 a6 43. axb5 axb5 44. Ra2 f4 45. Ra6+ Kc7 46. Ra2 f3 47. Rf2 Kd6 48. Ke4 Ke6 49. Kd4 Rf4+ 50. Kc5 Rf5+ 51. Kd4 Kd6 52. Ke4 Ke6 53. Kd4 Rf4+ 54. Kc5 Kf5 55. Kxb5 Kg4 56. Kc5 Kg3 57. Rf1 Kg2 58. Rd1 f2 59. b5 f1=Q 60. Rxf1 Rxf1 61. b6 Rc1+ 62. Kb5 Re1 63. b7 Re8 64. Ka6 Kg3 65. b4 Kxh4 66. b5 Kxg5 67. b6 h5 68. Ka7 h4 69. b8=Q Rxb8 70. Kxb8 h3 71. b7 h2 72. Kc7 h1=Q 73. b8=Q Qh2+ 0-1


[Site "https://www.chess.com"]

[Event "Titled Tuesday Blitz October 26 2021"]
[White "Wagner, Dennis"]
[Black "Rozman, Levy"]
[WhiteFideId "24650684"]
[BlackFideId "2039877"]
[WhiteElo "2355"]
[BlackElo "2376"]
[Result "0-1"]
[Round "10"]
[TimeControl "180+1"]
[Date "2021.10.26"]
[WhiteClock "0:00:04"]
[BlackClock "0:00:23"]

1. c4 g6 2. g3 Bg7 3. Bg2 d6 4. Nc3 e5 5. d3 f5 6. b4 a5 7. b5 Nf6 8. Bd2 O-O 9. e3 c6 10. Rb1 d5 11. cxd5 cxd5 12. Nge2 Be6 13. d4 e4 14. Nf4 Bf7 15. h4 Nbd7 16. Na4 h6 17. Qb3 Nb6 18. Nxb6 Qxb6 19. a4 g5 20. hxg5 hxg5 21. Nh3 Bh6 22. Rc1 Kg7 23. Rc5 Nd7 24. Qb2 Qf6 25. Rc7 Nb6 26. Rxb7 Nc4 27. Qa2 Rfb8 28. Rxb8 Rxb8 29. Bf1 Qd6 30. Bxc4 dxc4 31. Bxa5 c3 32. Qc2 Rc8 33. Bxc3 Qa3 34. Kd2 Bb3 35. d5+ Kg6 36. Qb1 Rxc3 37. Kxc3 Ba2+ 38. Kc2 Qxa4+ 39. Kd2 Qa5+ 40. Kc2 Bxb1+ 41. Rxb1 Qa2+ 42. Rb2 Qc4+ 43. Kb1 Qxd5 44. b6 Qb7 45. Ng1 Bg7 46. Rb5 Qc6 47. Rb3 Qc4 48. Ka2 Qc2+ 49. Ka3 Bf8+ 50. Ka4 Qa2+ 0-1


[Site "https://www.chess.com"]

[Event "Titled Tuesday Blitz October 26 2021"]
[White "Weetik, Vjacheslav"]
[Black "Timofeev, Artyom"]
[WhiteFideId "4153472"]
[BlackFideId "4140419"]
[WhiteElo "2469"]
[BlackElo "2591"]
[Result "0-1"]
[Round "10"]
[TimeControl "180+1"]
[Date "2021.10.26"]
[WhiteClock "0:00:03"]
[BlackClock "0:01:03"]

1. d4 Nf6 2. Nf3 b6 3. Bg5 Bb7 4. Nbd2 d5 5. Ne5 e6 6. e3 Be7 7. Bd3 O-O 8. Qf3 Nbd7 9. O-O-O c5 10. c3 c4 11. Bc2 b5 12. Qh3 g6 13. Ndf3 b4 14. cxb4 a5 15. b5 a4 16. a3 c3 17. bxc3 Rc8 18. c4 dxc4 19. Bh6 Qa5 20. Rd2 Nxe5 21. Nxe5 Ne4 22. Bxe4 Bxe4 23. Bxf8 Bxf8 24. Qh4 Qc3+ 25. Kd1 Bd3 0-1


[Site "https://www.chess.com"]

[Event "Titled Tuesday Blitz October 26 2021"]
[White "Zierk, Steven"]
[Black "Vlachos, Anatole"]
[WhiteFideId "2034255"]
[BlackFideId "26093189"]
[WhiteElo "2494"]
[BlackElo "2350"]
[Result "1-0"]
[Round "10"]
[TimeControl "180+1"]
[Date "2021.10.26"]
[WhiteClock "0:00:10"]
[BlackClock "0:00:03"]

1. e4 e5 2. Nf3 Nc6 3. Bc4 Bc5 4. c3 Nf6 5. d4 exd4 6. cxd4 Bb4+ 7. Bd2 Bxd2+ 8. Nbxd2 d5 9. exd5 Nxd5 10. O-O O-O 11. Ne4 Nf6 12. d5 Nxe4 13. dxc6 Qxd1 14. Rfxd1 bxc6 15. Ne5 Nd6 16. Bb3 Bb7 17. Rac1 a5 18. Nxc6 Rfe8 19. Bd5 Re2 20. Rb1 Rae8 21. Nd4 Bxd5 22. Nxe2 Bxa2 23. Ra1 Rxe2 24. Rxa2 g6 25. Rc1 Nb5 26. Kf1 Rd2 27. Ke1 Rd7 28. Rxa5 Nd4 29. Ra7 Re7+ 30. Kf1 Re2 31. Rd1 Re4 32. Rxc7 Ne6 33. Rc8+ Kg7 34. Rb8 h5 35. b4 h4 36. Rb1 h3 37. gxh3 Ng5 38. Rb3 Rc4 39. b5 Rc2 40. b6 Ne4 41. Rb4 Nxf2 42. b7 Nd3 43. Rb3 Nc5 44. Rb5 Nxb7 45. R8xb7 Rc1+ 46. Kg2 Rc2+ 47. Kg3 Rc3+ 48. Kg4 Rc4+ 49. Kf3 Rc3+ 50. Ke4 Rxh3 51. Rb2 Rh4+ 52. Ke5 Rh5+ 53. Kd6 Rf5 54. R7b5 Rf3 55. Re5 Kh6 56. Ke7 Kg7 57. Ke8 Rf1 58. Re7 Rf3 59. Rbb7 Kh6 60. Rxf7 Ra3 61. Rh7+ Kg5 62. Kf7 Rf3+ 63. Kg7 Rf5 64. h4+ Kg4 65. Kxg6 Ra5 66. Rb4+ Kf3 67. Rf7+ Kg3 68. h5 Ra6+ 69. Rf6 Ra5 70. h6 1-0


[Site "https://www.chess.com"]

[Event "Titled Tuesday Blitz October 26 2021"]
[White "atbenina64"]
[Black "Obregon, Andres Carlos"]
[BlackFideId "111724"]
[WhiteElo "2623"]
[BlackElo "2572"]
[Result "1-0"]
[Round "10"]
[TimeControl "180+1"]
[Date "2021.10.26"]
[WhiteClock "0:00:07"]
[BlackClock "0:00:33"]

1. e4 c5 2. Nf3 g6 3. c3 Bg7 4. d4 cxd4 5. cxd4 d5 6. e5 Bg4 7. Bb5+ Nc6 8. Bxc6+ bxc6 9. Nc3 Nh6 10. O-O Nf5 11. Be3 f6 12. exf6 Bxf6 13. h3 Bxf3 14. Qxf3 Nxd4 15. Bxd4 Bxd4 16. Rad1 Qb6 17. Qf4 Bf6 18. Qh6 Qxb2 19. Nb1 Kf7 20. Nd2 Qe5 21. Nf3 Qh5 22. Qc1 Rac8 23. Rfe1 Rhe8 24. Qc5 e5 25. Qxa7+ Re7 26. Qa6 Rcc7 27. a4 e4 28. Nd4 e3 29. fxe3 Rxe3 30. Qb6 Rce7 31. Rf1 Qg5 32. Qxc6 Rg3 33. Rxf6+ Qxf6 34. Rf1 Qxf1+ 35. Kxf1 Rd3 36. Qxd5+ Kf6 37. Qd6+ Kf7 38. Qd5+ Kf6 39. Qc6+ Kg7 40. Nf3 Ra3 41. Kf2 Ra2+ 42. Kg3 Ree2 43. Qc3+ Kh6 44. Qc1+ Kg7 45. Qc7+ Kh6 46. Qf4+ Kg7 47. Nh4 Ra3+ 48. Kh2 Raa2 49. a5 h6 50. Qd4+ Kf7 51. Qd7+ Kg8 52. a6 g5 53. a7 gxh4 54. a8=Q+ Rxa8 55. Qd5+ Kg7 56. Qxa8 Re6 57. Qa4 Rg6 58. Qxh4 Rf6 59. Qd4 Kg6 60. g4 Kg7 61. Kg3 Kg6 62. h4 Rd6 63. Qxd6+ 1-0


[Site "https://www.chess.com"]

[Event "Titled Tuesday Blitz October 26 2021"]
[White "Andreikin, Dmitry"]
[Black "Svane, Rasmus"]
[WhiteFideId "4158814"]
[BlackFideId "4657101"]
[WhiteElo "2736"]
[BlackElo "2643"]
[Result "1-0"]
[Round "11"]
[TimeControl "180+1"]
[Date "2021.10.26"]
[WhiteClock "0:00:18"]
[BlackClock "0:00:13"]

1. d4 Nf6 2. c4 e6 3. Nf3 d5 4. g3 Bb4+ 5. Nbd2 dxc4 6. Bg2 b5 7. a3 Be7 8. b3 cxb3 9. Qxb3 a6 10. Ne5 Ra7 11. Bb2 Nfd7 12. Nd3 O-O 13. O-O Nb6 14. Rac1 N8d7 15. Nb4 Nb8 16. Rfd1 Na4 17. Ba1 Bd7 18. d5 Bf6 19. Qe3 Nb6 20. Bxf6 Qxf6 21. d6 c5 22. Ne4 Qd8 23. Rxc5 a5 24. Nd3 Na6 25. Rh5 Bc6 26. Nf6+ Qxf6 27. Qxb6 Bxg2 28. Qxa7 Bf3 29. Re5 Nb8 30. exf3 Nc6 31. Qe3 1-0


[Site "https://www.chess.com"]

[Event "Titled Tuesday Blitz October 26 2021"]
[White "Baskin, Robert"]
[Black "Federzoni, Enzo"]
[WhiteFideId "24662402"]
[BlackFideId "2173301"]
[WhiteElo "2521"]
[BlackElo "1956"]
[Result "1-0"]
[Round "11"]
[TimeControl "180+1"]
[Date "2021.10.26"]
[WhiteClock "0:00:32"]
[BlackClock "0:01:03"]

1. e4 c5 2. Nf3 e6 3. d4 cxd4 4. Nxd4 Nf6 5. Nc3 d6 6. Be3 a6 7. g4 e5 8. Nf5 g6 9. g5 gxf5 10. exf5 d5 11. Qf3 d4 12. O-O-O Nbd7 13. Bxd4 exd4 14. Rxd4 Bc5 15. Rd2 Qc7 16. Bc4 Qc6 17. Re1+ Kd8 18. Qh3 b5 19. Bb3 Kc7 20. gxf6 Nxf6 21. Qg3+ Kb6 22. Nd5+ Ka7 23. Nxf6 Qxf6 24. Qc7+ Bb7 25. Qxc5+ Qb6 26. Qxb6+ Kxb6 27. Rd6+ Kc7 28. Rf6 Rae8 29. Rxf7+ Kb6 30. Re6+ Rxe6 31. fxe6 Bc6 32. f4 Kc5 33. f5 Kd6 34. f6 a5 35. e7 Re8 36. Rf8 a4 37. Bf7 1-0


[Site "https://www.chess.com"]

[Event "Titled Tuesday Blitz October 26 2021"]
[White "Bortnyk, Olexandr"]
[Black "Golubev, Mikhail"]
[WhiteFideId "14120828"]
[BlackFideId "14100983"]
[WhiteElo "2723"]
[BlackElo "2374"]
[Result "1-0"]
[Round "11"]
[TimeControl "180+1"]
[Date "2021.10.26"]
[WhiteClock "0:02:04"]
[BlackClock "0:00:33"]

1. e4 c5 2. c3 d5 3. exd5 Nf6 4. d4 Nxd5 5. Nf3 Nc6 6. dxc5 e6 7. b4 Qf6 8. Bg5 Nxc3 9. Qb3 Qf5 10. Nxc3 a5 11. Nb5 Nxb4 12. Nc7+ Kd7 13. Nxa8 Nc2+ 14. Kd2 Nxa1 15. Bb5# 1-0


[Site "https://www.chess.com"]

[Event "Titled Tuesday Blitz October 26 2021"]
[White "Budrewicz, Krzysztof"]
[Black "Weetik, Vjacheslav"]
[WhiteFideId "1127950"]
[BlackFideId "4153472"]
[WhiteElo "2242"]
[BlackElo "2469"]
[Result "0-1"]
[Round "11"]
[TimeControl "180+1"]
[Date "2021.10.26"]
[WhiteClock "0:00:14"]
[BlackClock "0:00:07"]

1. d4 g6 2. c4 Bg7 3. Nc3 d6 4. e4 e5 5. d5 f5 6. Bd3 Nf6 7. Nf3 O-O 8. Bg5 Na6 9. Bc2 Nc5 10. b4 Ncxe4 11. Bxe4 fxe4 12. Nxe4 Bg4 13. h3 Bxf3 14. Qxf3 Rf7 15. O-O Qf8 16. Bxf6 Bxf6 17. Qg4 Be7 18. f3 Kg7 19. Rac1 a5 20. b5 b6 21. Rce1 Re8 22. Qg3 Rf4 23. Qf2 Qf7 24. g3 Rf5 25. Kg2 Rf8 26. Qe3 g5 27. Rf2 Qg6 28. Ref1 h5 29. g4 Rf4 30. Qe2 h4 31. Qe3 R8f7 32. Re1 Kh6 33. Ref1 Qg8 34. Qd3 Qf8 35. Rd1 Qg8 36. Qe2 Qg6 37. Rd3 Bf8 38. Re3 Bg7 39. Nd2 Kh7 40. Re4 R4f6 41. Qe3 Bh6 42. Qd3 Kg7 43. Re3 Rf4 44. Qxg6+ Kxg6 45. Re4 R4f6 46. Kf1 Rf8 47. Ke2 Rb8 48. Rf1 Rf7 49. Rc1 Bf8 50. Rc3 Be7 51. a4 Rbf8 52. c5 dxc5 53. Nc4 Bd6 54. Rd3 Re7 55. Ne3 Rf4 56. Nf5 Rf7 57. Rde3 R4xf5 58. gxf5+ Rxf5 59. Kd3 Kf7 60. Rg4 Kg6 61. Ke4 Rf6 62. Re2 Kh6 63. Reg2 Rg6 64. Kf5 Be7 65. Kxe5 c4 66. Rxc4 Bd6+ 67. Kf5 Kh5 68. Rcg4 Be7 69. d6 Rxd6 70. Re4 Rf6+ 71. Ke5 Rxf3 72. Kd5 Bd6 73. Re8 Rxh3 74. Rh8+ Kg6 75. Rg8+ Kf6 76. R8xg5 Rg3 77. R2xg3 hxg3 78. Rg8 Kf5 79. Kd4 Kf4 80. Rg7 Kf3 81. Rf7+ Bf4 82. Rg7 g2 83. Kd3 Bh2 0-1


[Site "https://www.chess.com"]

[Event "Titled Tuesday Blitz October 26 2021"]
[White "Carnicelli, Valerio"]
[Black "Costachi, Mihnea"]
[WhiteFideId "856185"]
[BlackFideId "1217518"]
[WhiteElo "2332"]
[BlackElo "2482"]
[Result "0-1"]
[Round "11"]
[TimeControl "180+1"]
[Date "2021.10.26"]
[WhiteClock "0:00:05"]
[BlackClock "0:00:34"]

1. e4 e5 2. Nf3 Nc6 3. d4 exd4 4. Nxd4 Nf6 5. Nxc6 bxc6 6. e5 Qe7 7. Qe2 Nd5 8. c4 Nb6 9. Nc3 a5 10. Qe4 Ba6 11. Bd3 g6 12. O-O Bg7 13. Re1 O-O 14. b3 Rae8 15. f4 f6 16. f5 Qxe5 17. Qxe5 Rxe5 18. Ba3 Rfe8 19. Rxe5 fxe5 20. Re1 gxf5 21. Bxf5 d5 22. c5 Bf8 23. cxb6 Bxa3 24. bxc7 Bc5+ 25. Kh1 Bd6 26. Bd7 Rf8 27. Bxc6 Bxc7 28. Bxd5+ Kg7 29. Ne4 Rd8 30. Bc4 Bb7 31. Nc5 Bc8 32. Be6 Bb6 33. Bxc8 Bxc5 34. Ba6 e4 35. h4 e3 36. g4 Rd2 37. Re2 Rd4 38. Bc8 Rd2 39. Ba6 Rd4 40. Bc8 Rf4 41. Kg2 Kf6 42. Rc2 Bb4 43. g5+ Ke5 44. h5 Bd2 45. Rc7 Bb4 46. Rc2 Bd2 47. Rc7 Rf8 48. Re7+ Kd6 49. Re6+ Kd5 50. g6 Rxc8 51. Re7 hxg6 52. hxg6 Rg8 53. g7 Kd6 54. Ra7 Ke6 55. Kf3 Kf6 56. Ke2 Rxg7 57. Ra6+ Ke5 58. a3 Kd4 59. Rd6+ Kc3 60. Rd3+ Kc2 61. b4 Rg2+ 0-1


[Site "https://www.chess.com"]

[Event "Titled Tuesday Blitz October 26 2021"]
[White "Chernobay, Artem"]
[Black "Kobalia, Mikhail"]
[WhiteFideId "4167406"]
[BlackFideId "4119150"]
[WhiteElo "2480"]
[BlackElo "2590"]
[Result "0-1"]
[Round "11"]
[TimeControl "180+1"]
[Date "2021.10.26"]
[WhiteClock "0:00:01"]
[BlackClock "0:00:22"]

1. d4 d5 2. c4 c6 3. Nf3 Nf6 4. Nc3 a6 5. c5 g6 6. Bf4 Nh5 7. Bd2 Bg7 8. e4 dxe4 9. Nxe4 Nd7 10. Bc4 Ndf6 11. Nxf6+ Nxf6 12. h3 O-O 13. O-O Nd5 14. Re1 a5 15. Bg5 f6 16. Bh4 a4 17. Qe2 Re8 18. Bg3 Kh8 19. Nd2 Bf5 20. Nf1 a3 21. bxa3 Rxa3 22. Qb2 Ra7 23. Ne3 Be6 24. Bf1 Bf7 25. Nc4 Qd7 26. a3 g5 27. Rad1 Bg6 28. Qb3 h5 29. Bd3 Bxd3 30. Qxd3 h4 31. Bh2 Rd8 32. Re2 Qe8 33. Rde1 Qg8 34. Nb6 Bf8 35. Nxd5 Rxd5 36. Rxe7 Bxe7 37. Rxe7 Ra8 38. Qf3 Qg6 39. Bd6 Rg8 40. Re6 Rf5 41. Qe4 g4 42. Kh2 gxh3 43. Qxh4+ Rh5 0-1


[Site "https://www.chess.com"]

[Event "Titled Tuesday Blitz October 26 2021"]
[White "Demidov, Mikhail"]
[Black "Hjartarson, Johann"]
[WhiteFideId "4197143"]
[BlackFideId "2300044"]
[WhiteElo "2527"]
[BlackElo "2502"]
[Result "1-0"]
[Round "11"]
[TimeControl "180+1"]
[Date "2021.10.26"]
[WhiteClock "0:01:59"]
[BlackClock "0:01:17"]

1. Nf3 Nf6 2. g3 b5 3. Bg2 Bb7 4. O-O e6 5. d3 Be7 6. c4 a6 7. Qb3 O-O 8. Nc3 c6 9. e4 d5 10. e5 Nfd7 11. cxd5 cxd5 12. d4 Nc6 13. h4 Qb6 14. Be3 Na5 15. Qd1 Nc4 16. Bc1 b4 17. Ne2 Qc7 18. Nf4 Rac8 19. Ng5 h6 20. Ngh3 a5 21. Nh5 Kh7 22. Nxg7 Ndxe5 23. dxe5 Qxe5 24. Nh5 Nxb2 25. Qd2 Qf5 26. Qxh6+ 1-0


[Site "https://www.chess.com"]

[Event "Titled Tuesday Blitz October 26 2021"]
[White "Gaehwiler, Gabriel"]
[Black "Ghazarian, Kirk"]
[WhiteFideId "1314530"]
[BlackFideId "30908604"]
[WhiteElo "2320"]
[BlackElo "2003"]
[Result "1-0"]
[Round "11"]
[TimeControl "180+1"]
[Date "2021.10.26"]
[WhiteClock "0:00:09"]
[BlackClock "0:00:02"]

1. d4 Na6 2. e3 c5 3. Nc3 cxd4 4. exd4 Nc7 5. d5 d6 6. Nf3 Nf6 7. a4 g6 8. Bc4 Bg7 9. O-O Bg4 10. h3 Bxf3 11. Qxf3 Nd7 12. Ba2 O-O 13. Bf4 Rc8 14. Rfe1 Na6 15. Qe3 Nb4 16. Bb3 Re8 17. a5 Nc5 18. Re2 Qd7 19. Kh2 Qf5 20. g4 Qd7 21. Rd1 Nba6 22. Bg3 b5 23. axb6 axb6 24. Qf3 b5 25. Rde1 b4 26. Nd1 Nc7 27. Bc4 Na8 28. b3 Nb6 29. Ne3 Bc3 30. Rd1 Nb7 31. g5 Na5 32. Bd3 Qb7 33. Be4 Qd7 34. Ng4 f6 35. gxf6 exf6 36. Nxf6+ Bxf6 37. Qxf6 Nb7 38. Rde1 Qf7 39. Qxf7+ Kxf7 40. Bf3 Rxe2 41. Rxe2 Nd7 42. Bg4 Rc7 43. Be6+ Kg7 44. Bf4 Kf6 45. Bc1 g5 46. Bb2+ Ne5 47. h4 h6 48. Kg3 Nc5 49. f4 gxf4+ 50. Kxf4 Nxe6+ 51. dxe6 Kxe6 52. Bxe5 Rf7+ 53. Bf6+ Kxf6 54. Re4 Rc7 55. Rc4 Rb7 56. Ke4 Ke6 57. Kd4 Rb5 58. Rc8 Rh5 59. Re8+ Kd7 60. Re4 Kc6 61. Rg4 Kb5 62. Kd3 Rc5 63. Rd4 Rc3+ 64. Kd2 Kc6 65. Rxb4 Rh3 66. Rc4+ Kd5 67. Rf4 Rh2+ 68. Kd3 Rh3+ 69. Kd2 Rh2+ 70. Kc3 Rh3+ 71. Kb2 Kc5 72. b4+ Kb5 73. c3 d5 74. Kb3 Rh1 75. Rf5 Kc6 76. Rf6+ Kb5 77. Rxh6 Rb1+ 78. Kc2 Rh1 79. Kd3 Rd1+ 80. Ke2 Rc1 81. Kd2 Rh1 82. Rd6 Kc4 83. Rc6+ Kb3 84. Rc5 Rxh4 85. b5 Rh6 86. Kd3 Rh4 87. Rxd5 Rh3+ 88. Kd4 Rxc3 89. b6 Rc4+ 90. Ke5 Rb4 91. Rd6 Kc4 92. Rc6+ Kb5 93. Kd6 Ka6 94. Kc7 1-0


[Site "https://www.chess.com"]

[Event "Titled Tuesday Blitz October 26 2021"]
[White "Guliev, Logman"]
[Black "Leitao, Rafael"]
[WhiteFideId "13400061"]
[BlackFideId "2101246"]
[WhiteElo "2128"]
[BlackElo "2609"]
[Result "1-0"]
[Round "11"]
[TimeControl "180+1"]
[Date "2021.10.26"]
[WhiteClock "0:00:11"]
[BlackClock "0:00:12"]

1. e4 c5 2. Nf3 d6 3. d4 cxd4 4. Nxd4 Nf6 5. Nc3 Nc6 6. Bg5 e6 7. Qd2 a6 8. O-O-O Be7 9. f4 Bd7 10. Bxf6 Bxf6 11. Nxc6 Bxc6 12. Bd3 Qa5 13. Kb1 Bxc3 14. Qxc3 Qxc3 15. bxc3 Ke7 16. Rhe1 Rac8 17. c4 Rhd8 18. Kb2 Be8 19. Kb3 Rc5 20. g4 Rdc8 21. h4 b5 22. cxb5 Bxb5 23. Re2 Rb8 24. Bxb5 Rbxb5+ 25. Ka3 Rc3+ 26. Ka4 Rc4+ 27. Ka3 Kd7 28. Rd3 Kc6 29. Rb3 Kc5 30. Kb2 Rbb4 31. c3 Rb5 32. Kc2 Ra4 33. Kb2 Rba5 34. a3 Rb5 35. Rb4 a5 36. Rxb5+ Kxb5 37. Kb3 Rc4 38. Re3 a4+ 39. Kc2 Rc7 40. Rd3 Rc4 41. Re3 Kc5 42. Kd3 d5 43. exd5 exd5 44. Rf3 Re4 45. g5 Re1 46. f5 Ra1 47. f6 gxf6 48. Rxf6 Rxa3 49. Rxf7 d4 50. Rxh7 Rxc3+ 51. Kd2 Rg3 52. Ra7 a3 53. h5 Rxg5 54. Ra5+ Kb4 55. Rxg5 a2 56. Rg1 1-0


[Site "https://www.chess.com"]

[Event "Titled Tuesday Blitz October 26 2021"]
[White "Hakobyan, Aram"]
[Black "Grischuk, Alexander"]
[WhiteFideId "13306677"]
[BlackFideId "4126025"]
[WhiteElo "2557"]
[BlackElo "2757"]
[Result "1-0"]
[Round "11"]
[TimeControl "180+1"]
[Date "2021.10.26"]
[WhiteClock "0:00:05"]
[BlackClock "0:00:02"]

1. e4 c5 2. Nf3 d6 3. d4 cxd4 4. Nxd4 Nf6 5. Nc3 a6 6. f3 e6 7. g4 b5 8. a3 Bb7 9. g5 Nfd7 10. h4 Nb6 11. f4 N8d7 12. Bg2 Rc8 13. Rh3 g6 14. h5 Bg7 15. h6 Bf8 16. Nde2 Be7 17. b3 e5 18. Rg3 f6 19. Be3 exf4 20. Bxf4 Ne5 21. Bh3 Rc5 22. Be3 Rc6 23. Qd2 fxg5 24. Nd4 g4 25. Nxc6 Bxc6 26. Bg2 Bh4 27. Bf2 O-O 28. O-O-O Qf6 29. Rf1 Bxg3 30. Bxg3 Nf3 31. Qe3 Nd7 32. Rd1 Nde5 33. Kb1 g5 34. Ne2 Qxh6 35. Nd4 Bd7 36. Nf5 Bxf5 37. exf5 Qf6 38. Qb6 Qxf5 39. Rxd6 Ng6 40. Qxa6 Nf4 41. Bf1 Qe5 42. Bxb5 Qe4 43. Bc4+ Kh8 44. Qb6 Qe5 45. Rd8 Qg7 46. Rxf8+ Qxf8 47. Bf2 Ne5 48. Bd4 Ng6 49. Bd3 Qf4 50. Bxg6 hxg6 51. Qd6 Kh7 52. Bxe5 Qf1+ 53. Kb2 1-0


[Site "https://www.chess.com"]

[Event "Titled Tuesday Blitz October 26 2021"]
[White "Ibarra Jerez, Jose Carlos"]
[Black "atbenina64"]
[WhiteFideId "2226332"]
[WhiteElo "2626"]
[BlackElo "2638"]
[Result "1-0"]
[Round "11"]
[TimeControl "180+1"]
[Date "2021.10.26"]
[WhiteClock "0:00:36"]
[BlackClock "0:00:53"]

1. e4 c5 2. Nf3 e6 3. d4 cxd4 4. Nxd4 Nc6 5. Nc3 Qc7 6. g3 a6 7. Bg2 Nf6 8. O-O Nxd4 9. Qxd4 Bc5 10. Bf4 d6 11. Qd2 h6 12. Rad1 e5 13. Be3 Bb4 14. Nb5 axb5 15. Qxb4 Rxa2 16. Rxd6 Rxb2 17. Qxb2 Qxd6 18. Qxb5+ Nd7 19. Bf3 O-O 20. Rd1 Qc7 21. c4 Nf6 22. Bb6 Qc6 23. Qxc6 bxc6 24. Bc7 Bg4 25. Bxg4 Nxg4 26. f3 Rc8 27. Bd6 Nf6 28. Bxe5 Ne8 29. Rb1 Kf8 30. Rb8 Rxb8 31. Bxb8 Nd6 32. Bxd6+ 1-0


[Site "https://www.chess.com"]

[Event "Titled Tuesday Blitz October 26 2021"]
[White "Kamsky, Gata"]
[Black "Paltrinieri, Nicholas"]
[WhiteFideId "2000024"]
[BlackFideId "828262"]
[WhiteElo "2603"]
[BlackElo "2254"]
[Result "1-0"]
[Round "11"]
[TimeControl "180+1"]
[Date "2021.10.26"]
[WhiteClock "0:00:17"]
[BlackClock "0:00:05"]

1. b3 e6 2. Bb2 d5 3. g3 f5 4. Bg2 Nf6 5. d3 Be7 6. Nf3 O-O 7. Nbd2 c5 8. O-O Nc6 9. e4 d4 10. exf5 exf5 11. Re1 Bd6 12. Nc4 Bc7 13. Nfe5 Nxe5 14. Nxe5 f4 15. c3 fxg3 16. fxg3 Bxe5 17. Rxe5 Ng4 18. Rxc5 Qb6 19. cxd4 Ne3 20. Qe2 Nxg2 21. Qxg2 Bg4 22. Re1 Bf3 23. Qc2 Bc6 24. Qc4+ Kh8 25. d5 Bd7 26. Qd4 Qg6 27. Rc7 Rf7 28. d6 Raf8 29. Rcc1 Bc6 30. Rf1 Kg8 31. b4 Qe6 32. Rxf7 Rxf7 33. b5 Bxb5 34. Qe4 Qxd6 35. Rc8+ Rf8 36. Rxf8+ Qxf8 37. Qd5+ Qf7 38. Qxb5 Qe7 39. Qc4+ Kh8 40. Qc8+ 1-0


[Site "https://www.chess.com"]

[Event "Titled Tuesday Blitz October 26 2021"]
[White "Koellner, Ruben Gideon"]
[Black "Dobrov, Vladimir"]
[WhiteFideId "12993093"]
[BlackFideId "4136594"]
[WhiteElo "2586"]
[BlackElo "2614"]
[Result "0-1"]
[Round "11"]
[TimeControl "180+1"]
[Date "2021.10.26"]
[WhiteClock "0:00:02"]
[BlackClock "0:00:31"]

1. d4 Nf6 2. Bg5 c5 3. d5 Qb6 4. Nc3 g6 5. e4 Bg7 6. Nf3 Qxb2 7. Nb5 Nxe4 8. Rb1 Qxa2 9. d6 Nxg5 10. Nxg5 O-O 11. Nc7 Nc6 12. Nxa8 Bc3+ 13. Ke2 Nd4+ 14. Ke3 Nxc2+ 15. Kf3 Nd4+ 16. Kg3 Qd5 17. Qd3 Qxg5+ 18. Kh3 Qh5+ 19. Kg3 Nf5+ 20. Kf4 e5+ 21. Ke4 Qg4+ 22. Kd5 b6 23. Rxb6 axb6 24. Nxb6 Bb7+ 25. Kxc5 Rc8+ 26. Kb5 Rc5+ 27. Kxc5 Qb4# 0-1


[Site "https://www.chess.com"]